 Dungeon Crawl Stone Soup version 0.29.1-14-g9c671dbff4 (webtiles) character file.

Game seed: 17967986829764062947

129 fleeber the Slasher (level 5, -1/41 HPs)
             Began as a Merfolk Gladiator on Feb 20, 2023.
             Slain by a goblin
             ... wielding a +0 dagger
             ... led by Robin
              (3 damage)
             ... on level 3 of the Dungeon.
             The game lasted 00:06:54 (3528 turns).

fleeber the Slasher (Merfolk Gladiator)             Turns: 3528, Time: 00:06:54

Health: -1/41      AC:  5    Str: 15    XL:     5   Next: 12%
Magic:  5/5        EV: 14    Int:  7    God:
Gold:   168        SH:  0    Dex: 17    Spells: 4/4 levels left

rFire   . . .      SeeInvis .   a - +0 long sword
rCold   . . .      Faith    .   (no shield)
rNeg    . . .      Spirit   .   b - +0 leather armour
rPois   .          Reflect  .   c - +0 helmet
rElec   .          Harm     .   (no cloak)
rCorr   .          Rampage  .   (no gloves)
Will    +....      Rage     3%  (no boots)
Stlth   +.........              (no amulet)
HPRegen 0.00/turn               f - ring of willpower
MPRegen 0.09/turn               (no ring)

@: lethally poisoned (-1 -> -3), inhibited regen
A: (nimble swimmer 2), mertail, berserk 1, shaggy fur 1, inhibited regeneration,
wild magic 1
a: no special abilities


You were on level 3 of the Dungeon.
You visited 1 branch of the dungeon, and saw 4 of its levels.

You collected 168 gold pieces.

Inventory:

Hand Weapons
 a - a +0 long sword (weapon)
Missiles
 d - 3 throwing nets
 e - a javelin
 m - 3 poisoned darts (quivered)
Armour
 b - a +0 leather armour (worn)
 c - a +0 helmet (worn)
Jewellery
 f - a ring of willpower (left hand)
Scrolls
 g - a scroll of noise {unknown}
 h - 2 scrolls of enchant armour {unknown}
 l - a scroll of butterflies {unknown}
 n - 2 scrolls of teleportation {unknown}
 o - a scroll of identify {unknown}


   Skills:
 + Level 3.3 Fighting
 * Level 5.4 Long Blades
 - Level 2.0 Throwing
 + Level 5.1 Dodging


You had 4 spell levels left.
You didn't know any spells.
Your spell library contained the following spells:

 Spells                   Type           Power      Damage    Failure   Level
 Magic Dart               Conj           0%         1d3       58%         1
 Blink                    Tloc           0%         N/A       73%         2
 Searing Ray              Conj           0%         2d4       73%         2
 Gell's Gravitas          Tloc           0%         N/A       90%         3
 Lesser Beckoning         Tloc           0%         N/A       90%         3
 Teleport Other           Tloc           0%         N/A       90%         3
 Fulminant Prism          Conj/Hex       0%         3d6       100%        4
 Iskenderun's Mystic Bla  Conj/Tloc      0%         2d3       100%        4
 Lee's Rapid Deconstruct  Erth           0%         3d5*      100%        5
 Manifold Assault         Tloc           0%         N/A       100%        5


Dungeon Overview and Level Annotations

Branches:
Dungeon (4/15)
 Temple: D:4-7

Altars:
Vehumet

Annotations:
D:3 3 runed translucent doors, cowcol's ghost, weakling MiFi
D:4 Sigmund


Innate Abilities, Weirdness & Mutations

((You are very nimble when in or above water. (Stealth+, EV+, Speed+++)))
Your lower body shifts to a powerful aquatic tail in water.
You sometimes lose your temper in combat.
You are covered in fur. (AC +1)
You do not regenerate when monsters are visible.
Your spells are a little harder to cast, but a little more powerful.


Message History

The goblins go into a battle-frenzy!
The goblin closely misses you. The goblin misses you.
You hit Robin.
Robin is heavily wounded.
You feel very sick. Robin misses you. The goblin misses you.
The goblin completely misses you.
You barely miss Robin.
Robin is heavily wounded.
You feel sick.
Robin hits you with a +0 dagger of venom.
You are more poisoned.
The goblin hits you with a +0 dagger. x2
You hit Robin.
Robin is severely wounded.
You feel very sick. Robin throws the goblin at you!
The goblin hits you with a +0 dagger. The goblin misses you.
You hit Robin.
Robin is almost dead.
You feel sick.
Robin hits you with a +0 dagger of venom.
* * * LOW HITPOINT WARNING * * *
The goblin misses you. x2; The goblin closely misses you.
Robin closely misses you. The goblin closely misses you.
You closely miss Robin.
Robin is almost dead.
* * * LOW HITPOINT WARNING * * *
You feel sick. Robin barely misses you. The goblin barely misses you. x2
You hit Robin.
You kill Robin!
* * * LOW HITPOINT WARNING * * *
You feel sick. The goblin misses you. The goblin completely misses you.
You miss the goblin.
You feel sick. The goblin hits you with a +0 dagger.
* * * LOW HITPOINT WARNING * * *
The goblin closely misses you.
You hit the goblin.
The goblin is heavily wounded.
* * * LOW HITPOINT WARNING * * *
You feel sick. The goblin hits you with a +0 dagger.
You die...

#.# #...##.##.. #############.##
#...##..).. #.......#......#
#...#####.#
#......)#.###..########...#####.#
#.......#.#..#..................#
#...............................#
#.......#.#....#...............##
#.......#.#..#.#gg#####...######
#.......#......#@[# #...#
###########....)))# ##...###
#......## #......# ## ########
####.#######....#.# #.
.......#######.# #.......#.## #.
.###........)..# #.##.#.....# #.
.....#.######### #.##.##.#..# #.
.#####.# #######.##..)...<# #.
.#####.# #.......##.##..#.###.


You could see 2 goblins.

Vanquished Creatures
  Natasha (D:2)
  Robin (D:3)
  2 adders
  A dart slug (D:1)
  5 orcs (D:3)
  5 bats
  7 endoplasms
  A giant cockroach (D:3)
  9 goblins
  5 hobgoblins
  6 jackals
  5 kobolds
  A quokka (D:1)
  6 ball pythons
  7 frilled lizards
  4 rats
66 creatures vanquished.

Notes
Turn   | Place    | Note
-------+----------+-------------------------------------------
     0 | D:1      | fleeber the Merfolk Gladiator began the quest for the Orb.
     0 | D:1      | Reached XP level 1. HP: 16/16 MP: 1/1
    58 | D:1      | Reached XP level 2. HP: 20/23 MP: 2/2
   408 | D:1      | Found a faded altar of an unknown god.
   459 | D:1      | Reached XP level 3. HP: 23/28 MP: 3/3
  1798 | D:3      | Noticed Natasha
  1808 | D:3      | Gained mutation: You do not regenerate when monsters are
                  | visible. [potion of mutation]
  1808 | D:3      | Gained mutation: You sometimes lose your temper in combat.
                  | [potion of mutation]
  1808 | D:3      | Gained mutation: Your spells are a little harder to cast,
                  | but a little more powerful. [potion of mutation]
  1808 | D:3      | Gained mutation: You are covered in fur. (AC +1) [potion of
                  | mutation]
  2181 | D:2      | Killed Natasha
  2182 | D:2      | Reached skill level 5 in Long Blades
  2182 | D:2      | Reached XP level 4. HP: 24/35 MP: 4/4
  2282 | D:3      | Identified the +6 rapier of Abuse {speed, Int+7 Dex+3}
  2316 | D:3      | Found a radiant altar of Vehumet.
  2558 | D:3      | Identified the +1 robe "Joqum" {rN+}
  2624 | D:3      | Found a runed translucent gate.
  2624 | D:3      | Found a runed translucent gate.
  2638 | D:3      | Found a runed translucent gate.
  2640 | D:3      | Noticed cowcol's ghost (weakling MiFi)
  2937 | D:3      | Reached skill level 5 in Dodging
  3388 | D:4      | Noticed Sigmund
  3502 | D:4      | Noticed Robin
  3506 | D:3      | Reached XP level 5. HP: 40/41 MP: 5/5
  3526 | D:3      | Killed Robin
  3528 | D:3      | HP: 2/41 [poisoned by Robin]
  3528 | D:3      | Slain by a goblin

Illustrated notes

Levels and vault maps discovered:
D:1:      mrwooster_arrival_statue_3, layout_basic,
          hellmonk_ecumenical_altar_leap_of_faith, fountainhead
D:2:      layout_basic
D:3:      layout_loops_cross, lemuel_crystal_altar, gammafunk_ghost_necromancy,
          uniq_natasha
D:4:      layout_loops_cross, uniq_robin, uniq_sigmund

Skill      XL: |  1  2  3  4 |
---------------+-------------+-----
Long Blades    | 4 5 |  5.4
Fighting       | 3 |  3.3
Dodging        | 5 |  5.1
Throwing       | |  2.0

Action                   |  1- 3 |  4- 6 || total
-------------------------+-------+-------++-------
Melee: Long sword        |   118 |    80 ||   198
       Punch             |       |     1 ||     1
  Use: Potion            |     4 |     1 ||     5
       Scroll            |     1 |       ||     1
 Stab: Sleeping          |       |     1 ||     1
Armor: Leather armour    |    35 |    22 ||    57
Dodge: Dodged            |    94 |    79 ||   173
